 Dungeon Crawl Stone Soup version 0.32-a0-675-gdc239d62e1 (webtiles) character file.

Game seed: 18294853943110201862

1411 mopl the Covert (level 8, 0/36 HPs)
             Began as a Vine Stalker Enchanter on Mar 11, 2024.
             Slain by a centaur (2 damage)
             ... on level 6 of the Dungeon.
             The game lasted 00:05:44 (3956 turns).

mopl the Covert (Vine Stalker Enchanter)            Turns: 3956, Time: 00:05:44

Health: 0/36       AC:  2    Str: 11    XL:     8   Next: 70%
Magic:  0/17       EV: 12    Int: 17    God:
Gold:   158        SH:  0    Dex: 21    Spells: 7/18 levels left

rFire   . . .        a - +2 dagger (speed)
rCold   . . .        (no shield)
rNeg    . . .        b - +0 robe
rPois   .            (no helmet)
rElec   .            (no cloak)
rCorr   .            (no gloves)
SInv    .            (no boots)
Will    +....        (no amulet)
Stlth   ++++         h - +6 ring of dexterity
HPRegen 1.06/turn    (no ring)
MPRegen 0.15/turn

%: guardian spirit
@: very slightly contaminated, invisible
A: fangs 3, regeneration 1, magic shield, antimagic bite, no potion heal 2
a: no special abilities


You were on level 6 of the Dungeon.
You visited 2 branches of the dungeon, and saw 7 of its levels.

You collected 239 gold pieces.
You spent 81 gold pieces at shops.

Inventory:

Hand Weapons
 a - a +2 dagger of speed (weapon)
 k - a +1 dagger
Missiles
 m - 2 boomerangs
 u - 2 poisoned darts
 v - 3 throwing nets
 x - 4 javelins
Armour
 b - a +0 robe (worn)
Jewellery
 h - a +6 ring of dexterity (left hand)
Wands
 s - a wand of acid (9)
 y - a wand of roots (14)
Scrolls
 f - a scroll of torment {unknown}
 n - 5 scrolls of noise {unknown}
 o - 2 scrolls of silence {unknown}
 p - a scroll of immolation {unknown}
 q - 3 scrolls of teleportation {unknown}
 r - 2 scrolls of fog {unknown}
 t - a scroll of amnesia {unknown}
 w - a scroll of enchant armour
 z - a scroll of identify
Potions
 c - a potion of invisibility
 d - 3 potions of heal wounds
 e - 4 potions of curing {unknown}
 g - a potion of brilliance
 i - a potion of cancellation
 j - 2 potions of might
 l - a potion of magic


   Skills:
 + Level 3.6 Short Blades
 - Level 1.5 Dodging
 * Level 8.2 Stealth
 * Level 5.8 Spellcasting
 * Level 6.3 Hexes


You had 7 spell levels left.
You knew the following spells:

 Your Spells              Type           Power      Damage    Failure   Level
a - Dazzling Flash        Conj/Hex       30%        N/A       11%         3
b - Ensorcelled Hibernat  Hex/Ice        30%        N/A       5%          2
c - Confusing Touch       Hex            26%        N/A       3%          3
d - Tukima's Dance        Hex            26%        N/A       3%          3

Your spell library contained the following spells:

 Spells                   Type           Power      Damage    Failure   Level
 Slow                     Hex            100%       N/A       1%          1
 Sigil of Binding         Hex            26%        N/A       3%          3
 Sting                    Conj/Alch      16%        1d4       13%         1
 Mercury Vapours          Alch/Air       8%         N/A       21%         2
 Static Discharge         Conj/Air       8%         3-4/arc   21%         2
 Gell's Gravitas          Tloc           4%         N/A       36%         3
 Teleport Other           Tloc           4%         N/A       36%         3
 Vampiric Draining        Necr           4%         2d6       36%         3
 Airstrike                Air            2%         2d(1-17)  78%         4
 Olgreb's Toxic Radiance  Alch           4%         N/A       78%         4
 Summon Lightning Spire   Summ/Air       4%         N/A       78%         4
 Dispersal                Tloc           2%         N/A       100%        6


Dungeon Overview and Level Annotations

Branches:
Dungeon (6/15)             Temple (1/1) D:5

Altars:
Ashenzari
Dithmenos
Elyvilon
Fedhas
Gozag
Hepliaklqana
Kikubaaqudgha
Makhleb
Okawaru
Qazlal
Sif Muna
Vehumet
Wu Jian
Yredelemnul
The Shining One

Shops:
D:3 *

Annotations:
D:2 dig
D:6 Prince Ribbit


Innate Abilities, Weirdness & Mutations

You have razor-sharp teeth.
Your natural rate of healing is unusually fast.
When hurt, damage is shared between your health and your magic reserves.
Your bite disrupts and absorbs the magic of your enemies.
Potions cannot restore your health.


Message History

Confirm with . or Enter, or press ? or * to list all spells.
Aiming: Ensorcelled Hibernation (safe; 5% risk of failure)
Press: ? - help, Shift-Dir - straight line, f/p - Prince Ribbit
Aim: Prince Ribbit (chance to affect: 31%) Prince Ribbit easily resists.
Prince Ribbit closely misses you.
Unknown command.
Casting: Ensorcelled Hibernation (safe; 5% risk of failure)
Confirm with . or Enter, or press ? or * to list all spells.
Aiming: Ensorcelled Hibernation (safe; 5% risk of failure)
Press: ? - help, Shift-Dir - straight line, f/p - Prince Ribbit
Aim: Prince Ribbit (chance to affect: 31%) Prince Ribbit easily resists.
Prince Ribbit misses you.
Prince Ribbit hits you but does no damage.
Unknown command.
Casting: Ensorcelled Hibernation (safe; 5% risk of failure)
Confirm with . or Enter, or press ? or * to list all spells.
Aiming: Ensorcelled Hibernation (safe; 5% risk of failure)
Press: ? - help, Shift-Dir - straight line, f/p - Prince Ribbit
Aim: Prince Ribbit (chance to affect: 31%)
You miscast Ensorcelled Hibernation.
You are very lightly contaminated with residual magic.
Nothing appears to happen.
Prince Ribbit hits you.
Unknown command.
You closely miss Prince Ribbit. Your bite misses Prince Ribbit.
Prince Ribbit hits you!
You hit Prince Ribbit.
Prince Ribbit is lightly wounded.
Prince Ribbit hops awkwardly around.
Prince Ribbit blinks!
The centaur shoots an arrow.
The arrow hits you!
* * * LOW HITPOINT WARNING * * *
The centaur unwields a +0 orcbow.
The centaur hits you.
* * * LOW HITPOINT WARNING * * *
The centaur completely misses you.
Unknown command.
Okay, then.
You fade into invisibility!
The centaur hits you.
* * * LOW HITPOINT WARNING * * *
The centaur kicks you.
You die...

#.(.>........# ##
#.############ #
#.# #.# ## #.# ..
#.# .. # #.########
.#...
#......F.####.....#
########...@c......
######.###.. #


You could see Prince Ribbit (unable to see you) and a centaur (unable to see
you).

Vanquished Creatures
  Menkaure (D:6)
  A water moccasin (D:6)
  A sky beast (D:6)
  A centaur (D:6)
  3 phantoms (D:5)
  A bullfrog (D:6)
  2 scorpions
  A hound (D:5)
  2 bombardier beetles
  An orc priest (D:4)
  3 jellies
  4 iguanas
  A sleepcap (D:6)
  An orc wizard (D:5)
  7 gnolls
  6 adders
  2 white imps
  4 ufetubi (D:5)
  5 dart slugs
  4 ribbon worms
  14 orcs
  9 endoplasms
  3 giant cockroaches
  4 goblins
  9 hobgoblins
  3 jackals (D:1)
  7 kobolds
  2 quokkas
  2 ball pythons (D:2)
  6 bats
  2 frilled lizards
  A rat (D:2)
113 creatures vanquished.

Vanquished Creatures (collateral kills)
  A gnoll (D:5)
1 creature vanquished.

Vanquished Creatures (others)
  A dancing weapon (D:4)
1 creature vanquished.

Grand Total: 115 creatures vanquished

Notes
Turn   | Place    | Note
-------+----------+-------------------------------------------
     0 | D:1      | mopl the Vine Stalker Enchanter began the quest for the
                  | Orb.
     0 | D:1      | Reached XP level 1. HP: 9/9 MP: 4/4
     1 | D:1      | Noticed an electric eel
    26 | D:1      | Reached skill level 1 in Short Blades
    35 | D:1      | Reached XP level 2. HP: 13/13 MP: 6/6
   132 | D:1      | Reached skill level 4 in Stealth
   244 | D:1      | Learned a level 2 spell: Ensorcelled Hibernation
   264 | D:1      | Reached XP level 3. HP: 11/16 MP: 5/7
   271 | D:1      | Learned a level 3 spell: Confusing Touch
   877 | D:2      | Reached XP level 4. HP: 21/21 MP: 6/9
   881 | D:2      | Learned a level 3 spell: Tukima's Dance
  1271 | D:3      | Found Qisif's Assorted Antiques.
  1279 | D:3      | Bought a fuming grey potion for 25 gold pieces
  1279 | D:3      | Bought a scroll labelled ECWOTI MIJIUWK for 28 gold pieces
  1279 | D:3      | Bought a scroll labelled URYUWN TILIO for 28 gold pieces
  1300 | D:3      | Reached skill level 3 in Spellcasting
  1928 | D:4      | Reached XP level 5. HP: 24/24 MP: 10/10
  1953 | D:4      | Reached skill level 5 in Stealth
  1953 | D:4      | Reached skill level 4 in Hexes
  1971 | D:4      | Reached skill level 2 in Short Blades
  2098 | D:4      | Reached XP level 6. HP: 17/28 MP: 6/12
  2111 | D:4      | Learned a level 3 spell: Dazzling Flash
  2235 | D:4      | Reached skill level 4 in Spellcasting
  2673 | D:5      | Entered Level 5 of the Dungeon
  2703 | D:5      | Reached skill level 6 in Stealth
  2724 | D:5      | Reached XP level 7. HP: 32/32 MP: 11/14
  2729 | D:5      | Found a staircase to the Ecumenical Temple.
  2746 | Temple   | Entered the Ecumenical Temple
  2762 | D:5      | Reached skill level 5 in Hexes
  3149 | D:5      | Found a radiant altar of Vehumet.
  3299 | D:5      | Reached skill level 3 in Short Blades
  3306 | D:5      | Reached skill level 7 in Stealth
  3306 | D:5      | Reached skill level 5 in Spellcasting
  3350 | D:5      | Gained mutation: You have razor-sharp teeth. [Vine Stalker
                  | growth]
  3350 | D:5      | Reached XP level 8. HP: 35/36 MP: 4/16
  3813 | D:6      | Noticed Menkaure
  3832 | D:6      | Killed Menkaure
  3849 | D:6      | Reached skill level 6 in Hexes
  3862 | D:6      | Found a hazy altar of Hepliaklqana.
  3862 | D:6      | Found a shadowy altar of Dithmenos.
  3862 | D:6      | Found a stormy altar of Qazlal.
  3902 | D:6      | Reached skill level 8 in Stealth
  3946 | D:6      | Noticed Prince Ribbit
  3956 | D:6      | Slain by a centaur

Illustrated notes

Levels and vault maps discovered:
D:1:      arrival_aquarium_a, layout_loops_ring
D:2:      layout_basic, lightli_corner_chamber
D:3:      layout_loops_ring, serial_shops, nicolae_shop_overgrown_old_shop
D:4:      layout_basic, serial_bayou_pond_c
D:5:      layout_basic, nicolae_overflow_hidden_temple, kennysheep_little_box,
          minmay_temple_entry_overgrown, grunt_ministairs_2,
          nrook_mini_backslash, dk_rats_in_the_wall
D:6:      layout_loops_ring, gammafunk_temple_overflow_forgotten, serial_shops,
          shop, uniq_maggie, uniq_menkaure, uniq_prince_ribbit1
Temple:   minmay_temple_curvy_loop

Skill      XL: |  1  2  3  4  5  6  7  8 |
---------------+-------------------------+-----
Short Blades   | 1 2 3 |  3.6
Stealth        | 4 5 6 7 8 |  8.2
Spellcasting   | 3 4 5 |  5.8
Hexes          | 4 5 6 |  6.3
Dodging        | |  1.5

Action                     |  1- 3 |  4- 6 |  7- 9 || total
---------------------------+-------+-------+-------++-------
  Melee: Dagger            |   121 |    80 |    92 ||   293
         Bite              |    32 |    25 |    23 ||    80
   Cast: Ensorcelled Hiber |     2 |    11 |    21 ||    34
         Confusing Touch   |       |     1 |     1 ||     2
         Tukima's Dance    |       |     2 |     1 ||     3
    Use: Scroll            |       |     4 |     2 ||     6
         Potion            |       |       |     1 ||     1
   Stab: Sleeping          |     8 |    18 |    20 ||    46
         Distracted        |       |     1 |       ||     1
         Held in net/web   |       |       |     1 ||     1
 Armour: Robe              |    44 |    25 |    52 ||   121
  Dodge: Dodged            |    76 |    18 |    44 ||   138

Table legend: (Time is in decaauts)
 A = Elapsed time spent in this place.
 B = Non-inter-level travel time spent in this place.
 C = Inter-level travel time spent in this place.
 D = Time resting spent in this place.
 E = Time spent auto-exploring this place.
 F = Levels seen in this place.
 G = Mean time per level.
                   A        B        C        D        E       F      G
               +--------+--------+--------+--------+--------+-----+--------+
         Total |   3868 |   3645 |    223 |     88 |   2810 |   7 |  552.6 |
       Dungeon |   3866 |   3644 |    222 |     88 |   2810 |   6 |  644.3 |
        Temple |      1 |      1 |      0 |      0 |      0 |   1 |    1.0 |
               +--------+--------+--------+--------+--------+-----+--------+

Top non-repeatable levels by time:
     D:5: 949 daAuts
     D:4: 790 daAuts
     D:3: 693 daAuts
     D:1: 672 daAuts
     D:2: 492 daAuts
     D:6: 268 daAuts
  Temple: 1 daAuts
